 Dungeon Crawl Stone Soup version 0.22-a0-407-gb098539 (webtiles) character file.

218578 Serpenta the Bludgeoner (level 19, -10/179 HPs)
             Began as an Ogre Chaos Knight on May 8, 2018.
             Mangled by a yaktaur captain (16 damage)
             ... summoned by Xom
             ... on level 2 of the Vaults on May 9, 2018.
             The game lasted 02:20:18 (50430 turns).

Serpenta the Bludgeoner (Ogre Chaos Knight)        Turns: 50430, Time: 02:20:18

Health: -10/179    AC: 30    Str: 19    XL:     19   Next: 12%
Magic:  3/33       EV: 12    Int: 23    God:    Xom [......]
Gold:   2748       SH: 19    Dex:  7    Spells: 18/39 levels left

rFire    . . .     SeeInvis .   a - +4 eveningstar (crush) {god gift}
rCold    + + +     Gourm    .   t - +0 large shield of the Harvest Moon {rC+}
rNeg     . . .     Faith    .   A - +2 robe {Archmagi}
rPois    .         Spirit   .   y - +1 hat {MR+}
rElec    .         Reflect  .   P - +2 cloak
rCorr    .         Harm     .   (gloves unavailable)
MR       +++..                  (boots unavailable)
Stlth    +.........             (no amulet)
HPRegen  0.39/turn              E - +6 ring of protection
MPRegen  0.23/turn              i - +5 ring of protection

@: brilliant, icy armour
A: large, unfitting armour, molten scales 1, thin skeletal structure 1, blink,
clumsy 2, cold resistance 2, magic resistance 1, sense surroundings 1, tough
skin 1, weak 1, MP-powered wands
}: 1/15 runes: barnacled
a: Blink, Renounce Religion


You were on level 2 of the Vaults.
You worshipped Xom.
You were a very special plaything of Xom.
You were not hungry.

You visited 5 branches of the dungeon, and saw 29 of its levels.
You also visited: Labyrinth and Ice Cave.

You collected 3372 gold pieces.
You spent 624 gold pieces at shops.


Innate Abilities, Weirdness & Mutations

You are too large for most types of armour.
You have tough skin. (AC +1)
You are partially covered in molten scales. (AC +2)
You have a somewhat thin skeletal structure. (Dex +2, Stealth)
You can translocate small distances at will.
You are very clumsy. (Dex -4)
Your flesh is very cold resistant. (rC++)
You are resistant to hostile enchantments. (MR+)
You passively map a small area around you.
You are weak. (Str -2)
You expend magic power (3 MP) to strengthen your wands.


   Skills:
 + Level 9.3 Fighting
 - Level 16.0 Maces & Flails
 - Level 7.7 Dodging
 - Level 15.0 Shields
 - Level 10.9 Spellcasting
 - Level 10.5 Conjurations
 - Level 12.1 Ice Magic
 - Level 6.0 Air Magic
 - Level 6.0 Evocations


You had 18 spell levels left.
You knew the following spells:

 Your Spells              Type           Power        Failure   Level  Hunger
o - Ozocubu's Armour      Chrm/Ice       ######..     1%          3    None
A - Throw Frost           Conj/Ice       ######       1%          2    None
B - Throw Icicle          Conj/Ice       #######.     1%          4    None
C - Bolt of Cold          Conj/Ice       #######...   1%          6    #####..
D - Freezing Cloud        Conj/Ice/Air   #######...   1%          6    #####..

Action                   |  1- 3 |  4- 6 |  7- 9 | 10-12 | 13-15 | 16-18 | 19-21 || total
-------------------------+-------+-------+-------+-------+-------+-------+-------++-------
Melee: Dagger            |   101 |   188 |   211 |       |       |       |       ||   500
       Mace              |    11 |       |       |       |       |       |       ||    11
       Morningstar       |       |       |    35 |       |       |       |       ||    35
       Whip              |       |       |    44 |   656 |  1803 |   264 |       ||  2767
       Kick              |       |       |       |    91 |   480 |   223 |       ||   794
       Flail             |       |       |       |     6 |    39 |    37 |       ||    82
       Eveningstar       |       |       |       |       |    10 |   484 |    44 ||   538
       Staff             |       |       |       |       |       |     6 |       ||     6
Throw: Throwing net      |       |       |     1 |       |       |       |       ||     1
       Large rock        |       |       |       |       |       |    22 |       ||    22
 Cast: Throw Frost       |       |       |       |       |    11 |       |       ||    11
       Ozocubu's Armour  |       |       |       |       |    22 |    77 |     3 ||   102
       Throw Icicle      |       |       |       |       |    17 |   402 |    15 ||   434
       Bolt of Cold      |       |       |       |       |       |     4 |     2 ||     6
       Freezing Cloud    |       |       |       |       |       |     2 |       ||     2
Evoke: Wand              |       |       |    23 |    30 |    24 |    25 |       ||   102
       Phial of floods   |       |       |       |     1 |       |     1 |       ||     2
       Lamp of fire      |       |       |       |       |     2 |     7 |     1 ||    10
       Sack of spiders   |       |       |       |       |       |     7 |       ||     7
  Use: Scroll            |       |     3 |    10 |    16 |    11 |    17 |       ||    57
       Potion            |       |       |       |     3 |     5 |     8 |     3 ||    19
 Stab: Confused          |       |     2 |       |     1 |     5 |     1 |       ||     9
       Sleeping          |       |     1 |       |     1 |     1 |     2 |       ||     5
       Betrayed ally     |       |       |       |     1 |       |       |       ||     1
       Paralysed         |       |       |       |     5 |     6 |    12 |       ||    23
       Invisible         |       |       |       |     1 |     2 |       |       ||     3
       Petrifying        |       |       |       |       |     2 |       |       ||     2
       Distracted        |       |       |       |       |       |     1 |       ||     1
  Eat: Chunk             |     1 |     7 |    10 |    14 |    31 |    49 |       ||   112
       Ration            |       |       |     3 |     6 |     4 |     6 |     1 ||    20
Armor: Robe              |    30 |    42 |    59 |   131 |   199 |   269 |    19 ||   749
Dodge: Dodged            |    54 |    99 |   137 |    76 |   230 |   248 |     5 ||   849
Block: Large shield      |       |       |    48 |   306 |   938 |   846 |    23 ||  2161

Inventory:

Hand Weapons
 a - a +4 eveningstar of crushing (weapon) {god gift}
 b - the +7 flail of Magnificence {antimagic, rElec rF- MR+ Int+3}
   (You found it on level 9 of the Dungeon)

   It reduces the magical energy of the wielder, and disrupts the spells and
   magical abilities of those hit.
   Natural abilities and divine invocations are not affected.
   It affects your intelligence (+3).
   It makes you vulnerable to fire.
   It insulates you from electricity.
   It affects your resistance to hostile enchantments.
Missiles
 s - 20 throwing nets
 L - 35 large rocks (quivered)
Armour
 o - a scarf of repulsion {god gift}
 t - the +0 large shield of the Harvest Moon (worn) {rC+}
   (You found it on level 6 of the Lair of Beasts)

   It protects you from cold.
 y - a +1 hat of magic resistance (worn)
 A - a +2 robe of the Archmagi (worn)
 P - a +2 cloak (worn)
Magical Staves
 r - an uncursed staff of wizardry {!a}
 w - an uncursed staff of cold
 B - an uncursed staff of air
 J - an uncursed staff of energy {!a}
Jewellery
 i - a +5 ring of protection (right hand)
 E - a +6 ring of protection (left hand)
 F - an uncursed ring of see invisible
 I - an uncursed ring of protection from fire
 M - an uncursed ring of positive energy
 N - an uncursed ring of resist corrosion
 O - an uncursed ring of magical power
 Y - an uncursed ring of protection from cold
Wands
 g - a wand of digging (17)
 n - a wand of polymorph (19)
 v - a wand of paralysis (23)
 z - a wand of flame (47)
Scrolls
 k - 16 scrolls of teleportation
 q - 6 scrolls of blinking
 u - 4 scrolls of fog
 C - 6 scrolls of amnesia
 G - 17 scrolls of remove curse
 K - 20 scrolls of identify
 V - 3 scrolls of magic mapping
Potions
 e - 7 potions of heal wounds
 f - 2 potions of brilliance
 j - 5 potions of flight
 l - 10 potions of curing
 m - 4 potions of resistance
 p - 3 potions of haste
 H - 3 potions of mutation
 Q - 2 potions of ambrosia
 R - a potion of agility
 S - a potion of cancellation
 U - 4 potions of might
 Z - a potion of magic
Miscellaneous
 x - a phial of floods
 W - a lamp of fire (inert)
 X - a sack of spiders
Comestibles
 c - 36 rations

#......## * , #......#
'......# , #...>..# C.. ,
#(.....# Q.., .......# ,
,...
#####'##############'# * #
#....#..#...#c#...# #
#....'..#...#@#...# *
####....#####'##)#...# .#
..####'##......§§###'#...#
#.##...'........§§...'†..#
#..#...#....##'###...#...#
#..#####.##'#....#.#######
#..#...'.#..#....#.'
...#...#.#..#....#.#. ,
#..#''####'########### *


You could see a yaktaur captain.

Vanquished Creatures
  Saint Roka (Vaults:1)
  A kraken (Shoals:2)
  2 tengu reavers (Vaults:2)
  Gastronok (Lair:2)
  A storm dragon (Orc:2)
  2 azure jellies (shapeshifter)
  A frost giant (shapeshifter) (Shoals:2)
  A deep elf sorcerer (Vaults:1)
  An orc warlord (Orc:2)
  A frost giant (IceCv)
  11 vault wardens
  3 stone giants
  Nessos (D:14)
  4 ironheart preservers
  2 dire elephants (Lair:6)
  A minotaur (Lab)
  An ettin (Vaults:2)
  Josephine (D:14)
  A fire dragon (Vaults:2)
  6 merfolk impalers
  A crystal guardian (Vaults:1)
  A great orb of eyes (Vaults:1)
  7 vault guards
  A rakshasa (D:15)
  5 yaktaur captains
  4 hydras
  Fannar (D:11)
  2 catoblepae
  Harold (Orc:1)
  6 merfolk aquamancers
  An anaconda (Lair:6)
  22 two-headed ogres
  5 centaur warriors
  9 ogre magi
  An ice dragon (Vaults:1)
  3 merfolk avatars
  A deep troll shaman (Vaults:2)
  An alligator snapping turtle (Shoals:1)
  A tengu warrior (D:15)
  A satyr (Shoals:4)
  10 death yaks
  An orc high priest (Orc:2)
  2 deep elf knights (Vaults:1)
  Sonja (D:14)
  8 skeletal warriors
  2 fire crabs (shapeshifter)
  17 sea snakes
  A death drake (Orc:1)
  5 unseen horrors
  A glowing orange brain (shapeshifter) (D:14)
  5 deep trolls
  A tengu zombie (Vaults:2)
  5 ironbrand convokers
  4 orc knights
  Pikel (D:7)
  3 necromancers
  A wolf spider zombie (D:15)
  8 harpies
  A deep elf archer (Vaults:1)
  2 deep elf magi
  2 orc sorcerers
  14 ugly things
  2 fauns (Shoals:1)
  7 cyclopes
  12 manticores
  3 wolf spiders
  7 merfolk sirens
  8 elephants
  An ice statue (IceCv)
  5 black mambas
  4 water nymphs
  Psyche (D:10)
  8 spiny frogs
  7 vault sentinels
  A gargoyle (D:15)
  A torpor snail (Lair:5)
  3 centaur skeletons
  A human zombie (Vaults:2)
  A minotaur zombie (Lab)
  8 yaktaurs (Vaults:2)
  5 rime drakes
  2 komodo dragons
  17 polar bears
  11 trolls
  A troll (shapeshifter) (D:9)
  A jumping spider (shapeshifter) (Vaults:2)
  A jumping spider (Lair:3)
  26 merfolk
  A queen bee (Lair:5)
  A wind drake (shapeshifter) (Vaults:1)
  3 meliai (Lair:5)
  6 wind drakes
  Grinder (D:3)
  11 snapping turtles
  A tyrant leech (Lair:3)
  2 blink frogs (Lair:5)
  7 hippogriffs
  A human simulacrum (Vaults:2)
  21 slime creatures
  3 dream sheep (Shoals:2)
  An ettin zombie (Vaults:2)
  15 water elementals
  50 yaks
  4 hogs (D:8)
  2 shadows (D:14)
  A tarantella (IceCv)
  2 redbacks (Lair:3)
  5 wraiths
  4 wyverns
  A human (D:8)
  3 basilisks
  21 centaurs
  5 steam dragons
  4 vampire mosquitoes (D:13)
  8 wargs
  3 hungry ghosts
  A swamp worm (shapeshifter) (Shoals:2)
  2 soldier ants (D:13)
  An acid dragon (Vaults:1)
  12 water moccasins
  2 hell hounds (D:9)
  6 porcupines
  A deep troll skeleton (Vaults:2)
  35 orc warriors
  An ice beast (D:9)
  A hornet zombie (D:14)
  5 sky beasts
  2 necrophages
  17 ogres
  19 wolves
  7 crocodiles
  A crocodile (shapeshifter) (Vaults:2)
  12 bullfrogs
  2 gnoll sergeants (D:8)
  A wyvern zombie (D:14)
  A wyvern skeleton (D:13)
  2 scorpions
  33 killer bees
  8 wights (D:14)
  3 electric eels (Lair:2)
  6 howler monkeys
  4 crimson imps
  3 bullfrog zombies
  4 centaur zombies
  7 jellies
  A quasit (D:14)
  16 orc priests
  3 hounds
  4 bullfrog skeletons
  Ijyb (D:3)
  Natasha (thrice) (D:2)
  21 orc wizards
  11 hell rats
  8 worker ants
  3 iguanas
  A hound skeleton (D:7)
  A worker ant zombie (D:11)
  Robin (D:2)
  10 gnolls
  9 adders
  8 river rats
  4 shadow imps
  2 oozes (D:3)
  An adder skeleton (D:7)
  2 worms
  A dart slug (D:14)
  6 leopard geckos
  72 orcs
  3 ball pythons
  3 giant cockroaches
  8 hobgoblins
  4 kobolds
  4 quokkas
  5 bats
  6 frilled lizards
  14 goblins
  A jackal zombie (D:9)
  A quokka zombie (D:7)
  4 rats
  3 plants (Lair:6)
  2 tentacles (Shoals:2)
989 creatures vanquished.

Vanquished Creatures (collateral kills)
  A dire elephant (Lair:6)
  An alligator snapping turtle (Shoals:4)
  A death yak (IceCv)
  The ghost of p0werm0de the Chopper, a novice VSFi of Makhleb (D:9)
  A glowing orange brain (Vaults:1)
  An ironbrand convoker (Vaults:1)
  A merfolk siren (Shoals:1)
  2 yaktaurs (Vaults:2)
  A troll (D:9)
  An ice beast (D:9)
  A yak (IceCv)
  Menkaure (D:7)
  An orc warrior (D:9)
  A wolf (IceCv)
  An ogre (D:4)
  2 orc wizards
  A worker ant (D:4)
  A worker ant zombie (D:4)
  10 orcs
30 creatures vanquished.

Vanquished Creatures (others)
  2 dancing weapons
  A death yak (Lair:6)
  A skeletal warrior (Vaults:2)
  A merfolk (Shoals:2)
  An ogre (D:7)
  A slave (D:7)
  A black bear (Lair:5)
  2 wolves (IceCv)
  A bullfrog (D:7)
  A worker ant (D:7)
  18 fungi
  23 plants
  4 tentacles (Shoals:2)
57 creatures vanquished.

Grand Total: 1076 creatures vanquished

Vault maps used:
D:1:      mrwooster_arrival_statue_3
D:2:      minmay_door_path, uniq_robin, uniq_natasha
D:3:      uniq_grinder, uniq_ijyb
D:4:      first_ration, minmay_hedge_maze, tgw_fedhas
D:5:      basic_altar
D:6:      minmay_temple_entry_junction, serial_shops, kennysheep_mini_moat,
          basic_altar
D:7:      dancing_weapons_uskayaw, uniq_pikel, uniq_menkaure
D:8:      grunt_livestock
D:9:      minmay_lair_entry_lava, david_orc_1_choice, serial_shops, shop
D:10:     special_room, uniq_psyche
D:11:     uniq_fannar
D:12:     basic_altar, interstate_on_off
D:13:     basic_altar
D:14:     david_vaults_1, hangedman_decor_push, roderic_serpentine_path,
          hex_large, tgw_xom, uniq_josephine, uniq_sonja, uniq_nessos
D:15:     hangedman_depths_entry_civil_slaughter, nrook_mini_vaults,
          kennysheep_two_boxes
Lair:1:   minivault_19
Lair:2:   serial_bayou_shore_b, grunt_megastairs_3, serial_bayou_shore_a,
          lemuel_fruit_fields, uniq_gastronok
Lair:3:   elwin_shoals_entry_rocks, spider_nest_entry_funnel_web,
          serial_bayou_shore_b
Lair:4:   basic_altar, lab_entry_generic, disabler_island
Lair:5:   regret_index_wax_grids, minmay_slime_entry_pillars,
          portal_ice_cave_entry_pillars_2, grunt_megastairs_4
Lair:6:   due_jungle_book, kennysheep_rathole
Shoals:1: nicolae_shoals_water_elemental_grotto, uniq_roxanne
Shoals:2: cheibrodos_shoals_three_sisters, hangedman_shoals_cup_caves
Shoals:4: shoals_end_simple, shoal_ilsuiw, serial_shops, nicolae_shop_crystal
Orc:1:    uniq_harold
Orc:2:    grunt_orc_gardens, grunt_orc_garden, grunt_orc_garden,
          grunt_orc_garden, grunt_orc_garden
Vaults:1: nicolae_vaults_disjoint_gnomons, nicolae_vaults_halls_meeting,
          nicolae_vaults_little_squares_2, v_pattern_3,
          vaults_dpeg_encased_lava, nicolae_vaults_big_angled_halls,
          hangedman_vaults_impose, nicolae_vaults_windows_and_doors_thing,
          vaults_room_pool, ontoclasm_vaults_decontamination, uniq_saint_roka
Vaults:2: vaults_room_large_hall, nicolae_vaults_yaktaur_gun_rack,
          ontoclasm_vaults_hangar, hangedman_vaults_capsules, v_misc_24,
          nicolae_vaults_little_squares_1, hangedman_vaults_impose,
          nicolae_vaults_border_crossing, hangedman_vaults_impose,
          vaults_standard_mumra_x, v_rooms_2, v_misc_22, vaults_room_pool,
          v_alt_pattern_4, nicolae_vaults_circle_grid_a, ontoclasm_vaults_fault,
          portal_desolation_entry_ruin, uniq_sojobo
Lab:      labyrinth_hidden_loot
IceCv:    ice_cave_caverns_02


Message History

You hear a sizzling sound!
You hear a chilling moan.
The battlesphere dissipates.
The ettin is engulfed in blazing flames.
You block the yaktaur captain's attack.
Casting: Bolt of Cold (safe; 1% risk of failure)
Confirm with . or Enter, or press ? or * to list all spells.
Aiming: Bolt of Cold (safe; 1% risk of failure)
Press: ? - help, Shift-Dir - straight line, f - yaktaur
Aim: a yaktaur (summoned)
You feel a surge of power!
The bolt of cold hits the ettin.
You kill the ettin!
Training target 16.0 for Maces & Flails reached!
Your Maces & Flails skill increases to level 16!
You need to enable at least one skill for training.
The bolt of cold hits the yaktaur.
You kill the yaktaur!
The yaktaur's corpse disappears in a puff of smoke!
The yaktaur captain hits you!
You die...
Xom bursts into laughter!

Notes
Turn   | Place    | Note
-------+----------+-------------------------------------------
     0 | D:1      | Serpenta the Ogre Chaos Knight began the quest for the Orb.
     0 | D:1      | Reached XP level 1. HP: 24/24 MP: 1/1
   154 | D:1      | XOM: harmless Pois miscast
   243 | D:1      | Reached XP level 2. HP: 32/33 MP: 2/2
   417 | D:1      | XOM: divination: detect creatures
   443 | D:1      | XOM: divination: detect items
   459 | D:1      | XOM: give mutations
   459 | D:1      | Gained mutation: You evolve. [Xom's grace]
   459 | D:1      | Gained mutation: Your movements are slightly less encumbered by armour. (ER -2) [Xom's grace]
   459 | D:1      | Gained mutation: Your spells are a little harder to cast, but a little more powerful. [Xom's grace]
   459 | D:1      | Gained mutation: You are surrounded by a mild repulsion field. (EV +2) [Xom's grace]
   523 | D:1      | Gained mutation: You expend magic power (3 MP) to strengthen your wands. [evolution]
   748 | D:2      | Reached skill level 5 in Fighting
   804 | D:2      | Reached XP level 3. HP: 42/42 MP: 3/3
  1001 | D:2      | Noticed Robin
  1020 | D:2      | XOM: harmless Ice miscast
  1131 | D:2      | Killed Robin
  1341 | D:2      | Reached XP level 4. HP: 41/52 MP: 4/4
  1462 | D:2      | XOM: mild Ice miscast
  1466 | D:2      | XOM: fog
  1468 | D:2      | XOM: swap monsters
  1524 | D:2      | Noticed Natasha
  1536 | D:2      | Killed Natasha
  1536 | D:2      | Reached XP level 5. HP: 45/62 MP: 5/5
  1666 | D:2      | XOM: severe Tloc miscast
  2003 | D:2      | XOM: harmless Erth miscast
  2083 | D:2      | Noticed Natasha
  2090 | D:2      | Killed Natasha
  2138 | D:2      | Gained mutation: You are clumsy. (Dex -2) [evolution]
  2138 | D:2      | Lost mutation: You evolve. [end of evolution]
  2182 | D:2      | XOM: summons 2 hostile demons
  2183 | D:2      | Noticed a sun demon
  2553 | D:2      | Noticed Natasha
  2566 | D:2      | Killed Natasha
  2735 | D:3      | Reached XP level 6. HP: 67/74 MP: 6/6
  2796 | D:3      | XOM is BORED!
  2850 | D:3      | XOM: cast spell 'Metabolic Englaciation'
  2871 | D:3      | XOM: medium Pois miscast
  2910 | D:3      | XOM: harmless Tmut miscast
  3033 | D:3      | XOM: enchant monster (bad)
  3057 | D:3      | XOM: mild Conj miscast
  3105 | D:3      | XOM: divination: detect creatures
  3229 | D:3      | XOM: mild Necr miscast
  3333 | D:3      | Noticed Grinder
  3349 | D:3      | XOM: confuse monster(s)
  3390 | D:3      | Paralysed by Grinder for 4 turns
  3402 | D:3      | XOM: cast spell 'Olgreb's Toxic Radiance'
  3415 | D:3      | XOM: divination: magic mapping
  3468 | D:3      | XOM: confuse monster(s)
  3472 | D:3      | XOM: cast spell 'Olgreb's Toxic Radiance'
  3596 | D:3      | XOM: divination: magic mapping
  3600 | D:3      | XOM: divination: detect items
  3608 | D:3      | XOM: confuse monster(s)
  3617 | D:3      | Killed Grinder
  3617 | D:3      | Reached XP level 7. HP: 46/83 MP: 6/9
  3812 | D:3      | Noticed Ijyb
  3814 | D:3      | XOM: potion effect (agility)
  3824 | D:3      | XOM: divination: magic mapping
  3825 | D:3      | Killed Ijyb
  3936 | D:3      | XOM is BORED!
  3936 | D:3      | XOM: mild Necr miscast
  4417 | D:4      | XOM: polymorph adder -> ball python
  4464 | D:4      | XOM: god gift: 39 gold pieces {god gift}
  4494 | D:4      | Reached skill level 3 in Maces & Flails
  4568 | D:4      | XOM: enchant monster (bad)
  4571 | D:4      | XOM: blink monster(s)
  4573 | D:4      | XOM: enchant monster (bad)
  4577 | D:4      | XOM: cast spell 'Ring of Flames'
  4765 | D:4      | XOM: 2-stop teleportation journey
  4766 | D:4      | XOM: noise
  4768 | D:4      | Killed a centaur
  5023 | D:4      | Reached XP level 8. HP: 91/91 MP: 11/11
  5233 | D:4      | XOM: 1-stop teleportation journey
  5238 | D:4      | XOM: medium Erth miscast
  5256 | D:4      | Reached skill level 4 in Maces & Flails
  5435 | D:4      | XOM: summons 4 friendly demons
  5745 | D:4      | Found a blossoming altar of Fedhas.
  5745 | D:4      | XOM: 1-stop teleportation journey
  5787 | D:4      | Noticed an oklob plant
  5798 | D:4      | XOM: harmless Tmut miscast
  5987 | D:4      | XOM: mild Fire miscast
  6094 | D:4      | XOM: god gift: glowing halberd {god gift}
  6101 | D:5      | Entered Level 5 of the Dungeon
  6170 | D:5      | XOM: noise
  6175 | D:5      | XOM: divination: detect items
  6185 | D:5      | XOM: harmless Fire miscast
  6488 | D:5      | XOM: harmless Pois miscast
  6609 | D:5      | Found a shattered altar of Ashenzari.
  6825 | D:5      | XOM: swap monsters
  6835 | D:5      | XOM: noise
  6984 | D:5      | Reached skill level 5 in Evocations
  7744 | D:6      | Reached skill level 5 in Maces & Flails
  7787 | D:6      | XOM is BORED!
  7811 | D:6      | XOM: divination: detect creatures
  7864 | D:6      | Found a staircase to the Ecumenical Temple.
  8018 | D:6      | XOM: mild Pois miscast
  8078 | D:6      | Found a deep blue altar of Sif Muna.
  8153 | D:6      | Found Gewiopom's General Store.
  8232 | D:6      | Reached skill level 1 in Shields
  8514 | D:7      | Reached XP level 9. HP: 64/97 MP: 13/13
  8654 | D:7      | Noticed Pikel
  8656 | D:7      | Killed Pikel
  8656 | D:7      | Reached skill level 6 in Maces & Flails
  8660 | D:7      | Noticed Menkaure
  8672 | D:7      | Killed Menkaure
  8912 | D:7      | XOM: give mutations
  8912 | D:7      | Lost mutation: Your movements are slightly less encumbered by armour. (ER -2) [Xom's mischief]
  8912 | D:7      | Lost mutation: Your spells are a little harder to cast, but a little more powerful. [Xom's mischief]
  8912 | D:7      | Gained mutation: You evolve. [Xom's mischief]
  8954 | D:7      | nice
  9050 | D:7      | XOM: mild Hex miscast
  9285 | D:7      | Noticed a hand axe
  9286 | D:7      | Noticed a dagger
  9287 | D:7      | Found a hide-covered altar of Uskayaw.
  9354 | D:7      | XOM: harmless Air miscast
  9461 | D:8      | Noticed a two-headed ogre
  9464 | D:8      | XOM: enchant monster (good)
  9469 | D:8      | Killed a two-headed ogre
  9469 | D:8      | Reached skill level 7 in Maces & Flails
  9484 | D:8      | XOM: severe Chrm miscast
  9713 | D:8      | XOM: confusion (+ monsters)
  9723 | D:8      | Reached skill level 5 in Shields
  9759 | D:8      | Reached XP level 10. HP: 99/106 MP: 14/14
  9940 | D:8      | XOM: enchant monster (good)
 10033 | D:8      | Reached skill level 8 in Maces & Flails
 10041 | D:8      | XOM: divination: detect items
 10047 | D:8      | XOM: noise
 10585 | D:8      | Noticed a two-headed ogre
 10588 | D:8      | Killed a two-headed ogre
 10740 | D:9      | Got a transparent flail
 10741 | D:9      | Identified the +7 flail of Magnificence {antimagic, rElec rF- MR+ Int+3} (You found it on level 9 of the Dungeon)
 10769 | D:9      | Gained mutation: Your muscles are strong. (Str +2) [evolution]
 10838 | D:9      | Reached skill level 9 in Maces & Flails
 10844 | D:9      | XOM: 1-stop teleportation journey
 10870 | D:9      | Noticed p0werm0de's ghost (novice VSFi)
 10873 | D:9      | XOM: draining
 10885 | D:9      | Found a staircase to the Orcish Mines.
 10899 | D:9      | XOM: chaos cloud
 10907 | D:9      | Killed p0werm0de's ghost
 11071 | D:9      | Found Vocohoqi's General Store.
 11099 | D:9      | XOM: 1-stop teleportation journey
 11125 | D:9      | Bought a scroll of identify for 22 gold pieces
 11235 | D:9      | Learned a level 2 spell: Throw Frost
 11300 | D:9      | Noticed a two-headed ogre
 11301 | D:9      | Killed a two-headed ogre
 11301 | D:9      | Reached XP level 11. HP: 114/114 MP: 15/15
 11452 | D:9      | Found a staircase to the Lair.
 11649 | D:9      | XOM: mild Air miscast
 12242 | D:10     | Entered Level 10 of the Dungeon
 12315 | D:10     | XOM: medium Pois miscast
 12418 | D:10     | Reached skill level 10 in Maces & Flails
 12459 | D:10     | Noticed Psyche
 12459 | D:10     | XOM: divination: detect creatures
 12462 | D:10     | Killed Psyche
 12486 | D:10     | XOM: summons 2 hostile demons
 12593 | D:10     | XOM: mild Air miscast
 13036 | D:10     | XOM is BORED!
 13036 | D:10     | XOM: medium Summ miscast
 13585 | D:11     | Noticed Fannar
 13712 | D:11     | Killed Fannar
 13892 | D:11     | XOM: harmless Pois miscast
 13977 | D:11     | Noticed a cyan ugly thing
 13979 | D:11     | XOM: give mutations
 13979 | D:11     | Gained mutation: You are resistant to hostile enchantments. (MR+) [Xom's grace]
 13979 | D:11     | Gained mutation: Your flesh is heat resistant. (rF+) [Xom's grace]
 13979 | D:11     | Gained mutation: You are partially covered in molten scales. (AC +2) [Xom's grace]
 13979 | D:11     | Gained mutation: You have sharp toenails. [Xom's grace]
 13986 | D:11     | Killed a purple ugly thing
 13992 | D:11     | XOM: give mutations
 13992 | D:11     | Gained mutation: Your spells are a little harder to cast, but a little more powerful. [Xom's mischief]
 13992 | D:11     | Lost mutation: You are resistant to hostile enchantments. (MR+) [Xom's mischief]
 13992 | D:11     | Gained mutation: You are very clumsy. (Dex -4) [Xom's mischief]
 14013 | D:11     | XOM: destruction
 14309 | D:11     | XOM: give mutations
 14309 | D:11     | Gained mutation: Your magical capacity is low. (-10% MP) [Xom's mischief]
 14309 | D:11     | Lost mutation: You are very clumsy. (Dex -4) [Xom's mischief]
 14309 | D:11     | Lost mutation: Your magical capacity is low. (-10% MP) [Xom's mischief]
 14309 | D:11     | Lost mutation: Your spells are a little harder to cast, but a little more powerful. [Xom's mischief]
 14487 | D:11     | XOM: give mutations
 14487 | D:11     | Lost mutation: You evolve. [Xom's grace]
 14487 | D:11     | Gained mutation: You are somewhat resistant to further mutation. [Xom's grace]
 14487 | D:11     | Gained mutation: You are resistant to electric shocks. (rElec) [Xom's grace]
 14487 | D:11     | Gained mutation: Your spells are a little harder to cast, but a little more powerful. [Xom's grace]
 14487 | D:11     | Gained mutation: Your flesh is cold resistant. (rC+) [Xom's grace]
 14741 | D:12     | Found a white marble altar of Elyvilon.
 14780 | D:12     | Killed an unseen horror
 15012 | D:11     | Killed an unseen horror
 15132 | Lair:1   | Entered Level 1 of the Lair of Beasts
 15236 | Lair:1   | XOM: confuse monster(s)
 15245 | Lair:1   | XOM: silly message
 15247 | Lair:1   | Reached skill level 11 in Maces & Flails
 15406 | Lair:1   | Got a slimy rapier
 15407 | Lair:1   | Identified the +1 rapier "Ferryi" {protect, +Fly rN+ Str+4 Stlth+} (You found it on level 1 of the Lair of Beasts)
 15459 | Lair:1   | XOM: mild Hex miscast
 15609 | Lair:1   | XOM: 2-stop teleportation journey
 15730 | Lair:1   | Learned a level 3 spell: Ozocubu's Armour
 15735 | Lair:1   | Learned a level 4 spell: Throw Icicle
 15760 | Lair:1   | XOM: 2-stop teleportation journey
 15863 | Lair:1   | XOM: medium Erth miscast
 16288 | Lair:1   | XOM: scenery: create altars
 16513 | Lair:2   | Noticed Gastronok
 16529 | Lair:2   | XOM: 6-stop teleportation journey
 16600 | Lair:2   | XOM: 1-stop teleportation journey
 16729 | Lair:2   | Killed Gastronok
 16729 | Lair:2   | Reached skill level 10 in Shields
 16729 | Lair:2   | Reached XP level 12. HP: 122/122 MP: 5/16
 16755 | Lair:2   | XOM: harmless Pois miscast
 16922 | Lair:2   | XOM: polymorph water moccasin -> steam dragon
 16930 | Lair:2   | XOM: summons friendly iron imp
 16951 | Lair:2   | XOM: mild Chrm miscast
 17354 | Lair:2   | XOM: cloud trail
 17605 | Lair:2   | XOM: 1-stop teleportation journey
 17634 | Lair:2   | XOM is BORED!
 17644 | Lair:2   | XOM: harmless Chrm miscast
 17739 | Lair:2   | XOM: harmless Ice miscast
 18205 | Lair:3   | Noticed a six-headed hydra
 18208 | Lair:3   | Killed a six-headed hydra
 18224 | Lair:3   | XOM: summons 3 friendly demons
 18229 | Lair:3   | Reached skill level 12 in Maces & Flails
 18230 | Lair:3   | XOM: polymorph wolf spider -> tyrant leech
 18231 | Lair:3   | XOM: noise
 18719 | Lair:3   | XOM: harmless Necr miscast
 18911 | Lair:3   | XOM: fog
 18927 | Lair:3   | XOM: cast spell 'Olgreb's Toxic Radiance'
 19092 | Lair:3   | XOM: harmless Conj miscast
 19119 | Lair:3   | XOM: summons 5 friendly demons
 19322 | Lair:3   | Noticed a catoblepas
 19348 | Lair:3   | Killed a catoblepas
 19464 | Lair:3   | Found a staircase to the Shoals.
 19680 | Lair:3   | Found a hole to the Spider Nest.
 19870 | Lair:4   | Found a labyrinth entrance.
 19878 | Lab      | Entered a labyrinth
 19878 | Lab      | XOM: draining
 19962 | Lab      | Noticed a minotaur
 19963 | Lab      | Found the +8 orange crystal plate armour {Archmagi, Int+3 Clar}
 19972 | Lab      | Killed a minotaur
 20001 | Lab      | wish i could wear that ocpa
 20005 | Lair:4   | Found a white marble altar of Elyvilon.
 20106 | Lair:4   | XOM: silly message
 20336 | Lair:4   | XOM: 2-stop teleportation journey
 20877 | Lair:4   | XOM: medium Conj miscast
 20918 | Lair:5   | Reached XP level 13. HP: 127/130 MP: 17/17
 20948 | Lair:5   | XOM: summons 3 hostile demons
 21013 | Lair:5   | XOM: harmless Erth miscast
 21047 | Lair:5   | Found a frozen archway.
 21055 | IceCv    | Entered an ice cave
 21237 | IceCv    | XOM: god gift: 570 gold pieces {god gift}
 21309 | IceCv    | XOM: fake destruction
 21488 | IceCv    | XOM: 1-stop teleportation journey
 21491 | IceCv    | XOM: polymorph ice beast -> rime drake
 21782 | IceCv    | XOM: divination: detect creatures
 21854 | IceCv    | XOM: enchant monster (bad)
 21855 | IceCv    | XOM: god gift: 22 gold pieces {god gift}
 21949 | IceCv    | XOM: fake destruction
 21985 | IceCv    | XOM: god gift: black book {god gift}
 21985 | IceCv    | Identified Xom's Catalogue of the Swan {god gift} (Xom gifted it to you in an ice cave)
 22079 | IceCv    | XOM: potion effect (might)
 22164 | IceCv    | XOM: 1-stop teleportation journey
 22371 | IceCv    | Noticed a frost giant
 22386 | IceCv    | Killed a frost giant
 22404 | IceCv    | XOM: polymorph polar bear -> tarantella
 22437 | IceCv    | Reached skill level 15 in Shields
 22515 | Lair:5   | XOM: destruction
 22552 | Lair:4   | XOM: enchant monster (bad)
 22562 | Lair:4   | Reached skill level 1 in Spellcasting
 22628 | Lair:4   | XOM: medium Summ miscast
 22905 | Lair:5   | Reached skill level 1 in Conjurations
 22905 | Lair:5   | Reached skill level 1 in Ice Magic
 22954 | Lair:5   | XOM: scenery: create altars
 23026 | Lair:5   | XOM: enchant monster (good)
 23029 | Lair:5   | XOM: cleaving
 23036 | Lair:5   | XOM: give mutations
 23036 | Lair:5   | Gained mutation: Your flesh is very heat resistant. (rF++) [Xom's grace]
 23036 | Lair:5   | Gained mutation: You have a pair of small antennae on your head. [Xom's grace]
 23040 | Lair:5   | XOM: divination: magic mapping
 23294 | Lair:5   | Reached XP level 14. HP: 134/140 MP: 18/18
 23529 | Lair:4   | XOM: cloud trail
 23939 | Lair:5   | XOM: enchant monster (good)
 23964 | Lair:5   | Found a staircase to the Slime Pits.
 23966 | Lair:5   | XOM: god gift: runed scarf {god gift}
 24140 | Lair:5   | XOM: god gift: glowing eveningstar {god gift}
 24226 | Lair:5   | XOM: scenery: create altars
 24385 | Lair:5   | XOM: god gift: 17 arrows {god gift}
 24451 | Lair:5   | XOM: confuse monster(s)
 24458 | Lair:5   | XOM: enchant monster (good)
 24741 | Lair:5   | XOM: cloud trail
 24859 | Lair:5   | XOM: silly message
 24876 | Lair:6   | Entered Level 6 of the Lair of Beasts
 25020 | Lair:6   | XOM: silly message
 25054 | Lair:6   | Reached skill level 5 in Spellcasting
 25069 | Lair:6   | XOM: scenery: create altars
 25457 | Lair:6   | XOM: enchant monster (good)
 25710 | Lair:6   | XOM: summons 4 friendly demons
 25712 | Lair:6   | XOM: enchant monster (good)
 25718 | Lair:6   | XOM: summons friendly iron imp
 25733 | Lair:6   | XOM: enchant monster (good)
 25742 | Lair:6   | XOM is BORED!
 25742 | Lair:6   | XOM: mild Conj miscast
 25748 | Lair:6   | XOM: enchant monster (bad)
 25750 | Lair:6   | XOM: blink monster(s)
 25830 | Lair:5   | XOM: god gift: scroll labeled QYECUSUODI {god gift}
 26059 | Lair:5   | XOM: harmless Necr miscast
 26687 | Lair:6   | XOM: harmless Erth miscast
 26724 | Lair:6   | XOM: 2-stop teleportation journey
 26746 | Lair:6   | XOM: give mutations
 26746 | Lair:6   | Gained mutation: Your flesh is very cold resistant. (rC++) [Xom's grace]
 26746 | Lair:6   | Gained mutation: You have a somewhat thin skeletal structure. (Dex +2, Stealth) [Xom's grace]
 26829 | Lair:6   | XOM: cast spell 'Summon Small Mammal'
 26831 | Lair:6   | XOM: scenery: 1 doors close
 26843 | Lair:6   | XOM: summons friendly crimson imp
 26852 | Lair:6   | Reached skill level 5 in Conjurations
 26852 | Lair:6   | Reached skill level 5 in Ice Magic
 27187 | Lair:6   | Noticed a dire elephant
 27187 | Lair:6   | Noticed a dire elephant
 27198 | Lair:6   | Killed a dire elephant
 27207 | Lair:6   | Killed a dire elephant
 27218 | Lair:6   | Got a dazzling large shield
 27229 | Lair:6   | Identified the +0 large shield of the Harvest Moon {rC+} (You found it on level 6 of the Lair of Beasts)
 27306 | Lair:6   | Noticed a dire elephant
 27317 | Lair:6   | Killed a dire elephant
 27376 | Lair:6   | Noticed a dire elephant
 27430 | Lair:4   | XOM is BORED!
 27430 | Lair:4   | XOM: summons 4 hostile shadow creatures
 27450 | Lair:4   | XOM: mild Erth miscast
 27487 | Lair:4   | XOM: harmless Necr miscast
 27788 | D:12     | XOM: polymorph killer bee -> iguana
 27894 | D:12     | XOM: confuse monster(s)
 28211 | D:13     | XOM: polymorph slime creature -> wolf spider
 28234 | D:13     | XOM: summons friendly quasit
 28447 | D:13     | XOM: destruction
 28449 | D:13     | XOM: cloud trail
 28517 | D:13     | Found a shimmering altar of Xom.
 28560 | D:13     | XOM: god gift: wand of acid (4) {god gift}
 28624 | D:13     | XOM: god gift: scroll of enchant weapon {god gift}
 28730 | D:13     | XOM: give mutations
 28730 | D:13     | Gained mutation: You possess an exceptional clarity of mind. [Xom's grace]
 28730 | D:13     | Lost mutation: You are somewhat resistant to further mutation. [Xom's grace]
 28730 | D:13     | Gained mutation: You evolve. [Xom's grace]
 28730 | D:13     | Lost mutation: You evolve. [Xom's grace]
 28730 | D:13     | Gained mutation: You are somewhat resistant to further mutation. [Xom's grace]
 28759 | D:13     | XOM: god gift: glowing dagger {god gift}
 28833 | D:13     | XOM: confuse monster(s)
 29015 | D:13     | Reached XP level 15. HP: 139/146 MP: 26/26
 29365 | D:13     | XOM: god gift: 16 gold pieces {god gift}
 29915 | D:14     | XOM: swap monsters
 30086 | D:14     | Found a gate to the Vaults.
 30193 | D:14     | Noticed Josephine
 30204 | D:14     | Noticed Sonja
 30208 | D:14     | XOM: enchant monster (bad)
 30209 | D:14     | Killed Josephine
 30228 | D:14     | XOM: cast spell 'Summon Mana Viper'
 30245 | D:14     | Killed Sonja
 30691 | D:14     | XOM: potion effect (invisibility)
 30694 | D:14     | XOM: potion effect (brilliance)
 30697 | D:14     | Noticed Nessos
 30708 | D:14     | Killed Nessos
 30884 | D:14     | XOM: blink monster(s)
 30920 | D:14     | XOM: enchant monster (good)
 31148 | D:14     | XOM: confuse monster(s)
 31166 | D:14     | Found a shimmering altar of Xom.
 31308 | D:15     | Entered Level 15 of the Dungeon
 31535 | D:15     | XOM: 8-stop teleportation journey
 31669 | D:15     | XOM: 1-stop teleportation journey
 31920 | D:15     | XOM: give mutations
 31920 | D:15     | Gained mutation: You passively map a small area around you. [Xom's grace]
 31920 | D:15     | Gained mutation: You have a pair of antennae on your head. [Xom's grace]
 31920 | D:15     | Gained mutation: You are resistant to hostile enchantments. (MR+) [Xom's grace]
 32044 | D:15     | XOM: 3-stop teleportation journey
 32339 | D:15     | Found a staircase to the Depths.
 32410 | D:15     | XOM: noise
 32418 | D:15     | XOM: enchant monster (good)
 32436 | D:15     | XOM: confuse monster(s)
 32441 | D:15     | XOM: god gift: wand of scattershot (3) {god gift}
 32618 | D:15     | XOM: mild Summ miscast
 32684 | D:15     | XOM: give mutations
 32684 | D:15     | Lost mutation: You are resistant to hostile enchantments. (MR+) [Xom's mischief]
 32684 | D:15     | Lost mutation: You have sharp toenails. [Xom's mischief]
 32684 | D:15     | Lost mutation: You have a pair of antennae on your head. [Xom's mischief]
 32739 | D:15     | Learned a level 6 spell: Bolt of Cold
 32746 | D:15     | Learned a level 6 spell: Freezing Cloud
 32857 | D:10     | XOM: give mutations
 32857 | D:10     | Gained mutation: Your flesh is almost immune to the effects of heat. (rF+++) [Xom's grace]
 32857 | D:10     | Gained mutation: You can translocate small distances at will. [Xom's grace]
 32857 | D:10     | Gained mutation: Your spells are harder to cast, but more powerful. [Xom's grace]
 32857 | D:10     | Gained mutation: Your mind is acute. (Int +2) [Xom's grace]
 32884 | Orc:1    | Entered Level 1 of the Orcish Mines
 33007 | Orc:1    | XOM: scenery: create altars
 33073 | Orc:1    | XOM: 4-stop teleportation journey
 33303 | Orc:1    | Noticed Harold
 33319 | Orc:1    | Killed Harold
 33406 | Orc:1    | XOM is BORED!
 33406 | Orc:1    | XOM: noise
 33521 | Orc:2    | Entered Level 2 of the Orcish Mines
 33521 | Orc:2    | XOM: divination: magic mapping
 33549 | Orc:2    | Reached skill level 10 in Spellcasting
 33692 | Orc:2    | Noticed an orc warlord
 33700 | Orc:2    | XOM: god gift: lumpy diamond amulet {god gift}
 33707 | Orc:2    | Killed an orc warlord
 33871 | Orc:2    | XOM: give mutations
 33871 | Orc:2    | Gained mutation: You have sharp toenails. [Xom's grace]
 33871 | Orc:2    | Gained mutation: You are resistant to hostile enchantments. (MR+) [Xom's grace]
 33871 | Orc:2    | Gained mutation: Your spells are much harder to cast, but much more powerful. [Xom's grace]
 33877 | Orc:2    | Found a staircase to the Elven Halls.
 33960 | Orc:2    | Found Enijair's General Store.
 33979 | Orc:2    | Noticed an orc warlord
 34100 | Orc:2    | Noticed a storm dragon
 34100 | Orc:2    | an orc warlord changed into a storm dragon
 34110 | Orc:2    | XOM: butterfly on damage
 34114 | Orc:2    | Killed a storm dragon
 34114 | Orc:2    | Reached XP level 16. HP: 95/156 MP: 10/30
 34116 | Orc:1    | XOM: fog
 34119 | Orc:1    | XOM: polymorph orc knight -> death drake
 34137 | Orc:1    | XOM: silly message
 34374 | Orc:1    | XOM: harmless Erth miscast
 34475 | Orc:2    | XOM: harmless Chrm miscast
 34498 | Orc:2    | Bought a potion of haste for 140 gold pieces
 34549 | Orc:2    | Found Xischic's Antique Weapon Shop.
 34549 | Orc:2    | XOM: medium Hex miscast
 34951 | Orc:2    | Found Sat Ifir's Antique Armour Emporium.
 34970 | Orc:2    | XOM: potion effect (might)
 35032 | Orc:2    | Found Zypnigyph's Book Shop.
 35094 | Orc:2    | XOM: harmless Hex miscast
 35213 | Orc:2    | Upgraded the game from 0.22-a0-406-g9ff8d77 to 0.22-a0-407-gb098539
 35253 | Orc:2    | XOM: summons 2 hostile shadow creatures
 35387 | Shoals:1 | Entered Level 1 of the Shoals
 35808 | Shoals:1 | Noticed Roxanne
 35969 | Shoals:1 | XOM: mild Pois miscast
 35983 | Shoals:1 | XOM: god gift: 10 gold pieces {god gift}
 36192 | Shoals:1 | XOM is BORED!
 36243 | Shoals:1 | XOM: scenery: create altars
 36344 | Shoals:1 | XOM: divination: magic mapping
 36393 | Shoals:1 | XOM: harmless Ice miscast
 36399 | Shoals:1 | XOM: mild Summ miscast
 36727 | Shoals:1 | XOM: cast spell 'Leda's Liquefaction'
 36833 | Shoals:2 | XOM: noise
 37067 | Shoals:2 | XOM: potion effect (agility)
 37443 | Shoals:2 | XOM: enchant monster (bad)
 37447 | Shoals:2 | XOM: summons friendly white imp
 37452 | Shoals:2 | XOM: divine lightning
 37582 | Shoals:1 | XOM: cloud trail
 37584 | Shoals:1 | XOM: scenery: create altars
 37852 | Shoals:1 | XOM: cloud trail
 38069 | Shoals:2 | XOM is BORED!
 38202 | Shoals:1 | XOM: mild Air miscast
 38453 | Shoals:2 | XOM: give mutation
 38453 | Shoals:2 | Lost mutation: Your flesh is almost immune to the effects of heat. (rF+++) [Xom's mischief]
 38480 | Shoals:2 | XOM: polymorph sea snake -> swamp worm
 38759 | Shoals:2 | Reached skill level 10 in Conjurations
 38759 | Shoals:2 | Reached skill level 10 in Ice Magic
 39281 | Shoals:2 | XOM: noise
 39292 | Shoals:2 | XOM: polymorph sea snake -> two-headed ogre
 39439 | Shoals:2 | XOM: confuse monster(s)
 39530 | Shoals:2 | XOM: polymorph alligator snapping turtle -> frost giant
 39855 | Shoals:2 | Noticed a kraken
 39863 | Shoals:2 | Killed a kraken
 39863 | Shoals:2 | Reached skill level 5 in Dodging
 40214 | Shoals:3 | XOM: summons 7 friendly demons
 40429 | Shoals:3 | XOM: god gift: 2 potions of degeneration {god gift}
 40510 | Shoals:3 | XOM: give mutation
 40510 | Shoals:3 | Lost mutation: You are surrounded by a mild repulsion field. (EV +2) [Xom's mischief]
 40560 | Shoals:3 | Reached XP level 17. HP: 163/163 MP: 18/31
 40904 | Shoals:4 | Entered Level 4 of the Shoals
 41085 | Shoals:4 | XOM: 4-stop teleportation journey
 41409 | Shoals:4 | XOM: give mutation
 41409 | Shoals:4 | Lost mutation: You possess an exceptional clarity of mind. [Xom's mischief]
 41930 | Shoals:4 | XOM: summons 2 hostile demons
 42151 | Shoals:4 | XOM: 1-stop teleportation journey
 42576 | Shoals:4 | XOM: enchant monster (bad)
 42762 | Shoals:4 | Identified Xuop's Almanac of Lucky Confrontation
 42909 | Shoals:4 | Got a barnacled rune of Zot
 42951 | Shoals:4 | Found Hoevyuli's Distillery.
 42961 | Shoals:4 | Bought a potion of curing for 66 gold pieces
 42961 | Shoals:4 | Bought a potion of curing for 66 gold pieces
 42961 | Shoals:4 | Bought a potion of mutation for 176 gold pieces
 42961 | Shoals:4 | Bought a potion of might for 88 gold pieces
 42961 | Shoals:4 | Bought a potion of curing for 66 gold pieces
 42962 | Shoals:4 | XOM: cast spell 'Summon Butterflies'
 42998 | Shoals:4 | XOM: enchant monster (good)
 43032 | Shoals:4 | XOM: summons 8 hostile demons
 43114 | Shoals:4 | XOM: cloud trail
 43129 | Shoals:4 | XOM: scenery: 1 doors open
 43189 | Shoals:4 | XOM: god gift: ration {god gift}
 43544 | Vaults:1 | Entered Level 1 of the Vaults
 43622 | D:14     | XOM: scenery: 1 doors close
 44056 | Vaults:1 | Noticed Saint Roka
 44070 | Vaults:1 | Killed Saint Roka
 44185 | Vaults:1 | XOM: 6-stop teleportation journey
 44428 | Vaults:1 | Reached skill level 1 in Air Magic
 44451 | Vaults:1 | XOM: enchant monster (good)
 44961 | Vaults:1 | XOM: summons 4 hostile shadow creatures
 45135 | Vaults:1 | XOM: swap monsters
 45219 | Vaults:1 | Reached XP level 18. HP: 113/171 MP: 4/32
 45224 | Vaults:1 | Reached skill level 13 in Maces & Flails
 45863 | Vaults:1 | XOM: scenery: 1 doors close
 46023 | Vaults:1 | Reached skill level 5 in Air Magic
 46278 | Vaults:1 | XOM: god gift: 18 arrows {god gift}
 46872 | Vaults:1 | XOM: summons 3 hostile demons
 46966 | Vaults:2 | XOM: silly message
 47047 | Vaults:2 | XOM: cleaving
 47058 | Vaults:2 | XOM: 1-stop teleportation journey
 47215 | Vaults:2 | XOM: mild Tloc miscast
 47267 | Vaults:2 | XOM: god gift: 15 arrows {god gift}
 47329 | Vaults:2 | XOM: 1-stop teleportation journey
 47332 | Vaults:2 | XOM: 1-stop teleportation journey
 47350 | Vaults:2 | XOM: summons 5 hostile demons
 47351 | Vaults:2 | XOM: fake destruction
 47397 | Vaults:2 | XOM: noise
 47416 | Vaults:2 | Reached skill level 14 in Maces & Flails
 47417 | Vaults:2 | XOM: potion effect (haste)
 47420 | Vaults:2 | XOM: harmless Ice miscast
 47423 | Vaults:2 | XOM: smoke on damage
 47549 | Vaults:2 | XOM: severe Necr miscast
 47871 | Vaults:2 | XOM: medium Erth miscast
 48044 | Vaults:2 | XOM: summons 3 hostile shadow creatures
 48077 | Vaults:1 | XOM: mild Tloc miscast
 48306 | Vaults:1 | XOM: harmless Necr miscast
 48326 | Vaults:2 | XOM: destruction
 48329 | Vaults:2 | XOM: summons 12 friendly demons
 48393 | Vaults:1 | XOM: harmless Fire miscast
 48503 | Vaults:1 | XOM: stat loss: -1 Int (19/20)
 48587 | Vaults:2 | XOM: god gift: 56 gold pieces {god gift}
 48675 | Vaults:2 | XOM: mild Erth miscast
 48767 | Vaults:2 | XOM: god gift: scale mail {god gift}
 48774 | Vaults:2 | XOM: swap monsters
 48778 | Vaults:2 | XOM: 2-stop teleportation journey
 49088 | Vaults:2 | XOM is BORED!
 49088 | Vaults:2 | XOM: noise
 49164 | Vaults:2 | XOM: scenery: create altars
 49192 | Vaults:2 | Reached skill level 15 in Maces & Flails
 49246 | Vaults:2 | XOM: 1-stop teleportation journey
 49248 | Vaults:2 | XOM: swap monsters
 49261 | Vaults:2 | XOM: blink monster(s)
 49287 | Vaults:2 | XOM: give mutations
 49287 | Vaults:2 | Lost mutation: You are somewhat resistant to further mutation. [Xom's mischief]
 49287 | Vaults:2 | Lost mutation: You have a pair of small antennae on your head. [Xom's mischief]
 49287 | Vaults:2 | Lost mutation: You have sharp toenails. [Xom's mischief]
 49287 | Vaults:2 | Lost mutation: Your spells are much harder to cast, but much more powerful. [Xom's mischief]
 49290 | Vaults:2 | XOM: confusion (+ monsters)
 49298 | Vaults:2 | XOM: give mutations
 49298 | Vaults:2 | Lost mutation: Your muscles are strong. (Str +2) [Xom's mischief]
 49298 | Vaults:2 | Lost mutation: Your spells are harder to cast, but more powerful. [Xom's mischief]
 49298 | Vaults:2 | Gained mutation: You are very clumsy. (Dex -4) [Xom's mischief]
 49418 | Vaults:2 | XOM: cleaving
 49428 | Vaults:2 | XOM: confuse monster(s)
 49486 | Vaults:2 | XOM: summons 5 friendly demons
 49575 | Vaults:2 | XOM: give mutations
 49575 | Vaults:2 | Lost mutation: Your mind is acute. (Int +2) [Xom's mischief]
 49575 | Vaults:2 | Lost mutation: Your flesh is very heat resistant. (rF++) [Xom's mischief]
 49575 | Vaults:2 | Lost mutation: Your spells are a little harder to cast, but a little more powerful. [Xom's mischief]
 50020 | Vaults:2 | XOM: summons 3 hostile demons
 50073 | Vaults:2 | Reached XP level 19. HP: 179/179 MP: 10/33
 50076 | Vaults:2 | XOM: give mutations
 50076 | Vaults:2 | Lost mutation: You are resistant to electric shocks. (rElec) [Xom's mischief]
 50076 | Vaults:2 | Gained mutation: You are weak. (Str -2) [Xom's mischief]
 50076 | Vaults:2 | Lost mutation: Your flesh is heat resistant. (rF+) [Xom's mischief]
 50077 | Vaults:2 | XOM: polymorph purple ugly thing -> six-headed hydra
 50424 | Vaults:2 | XOM: enchant monster (bad)
 50427 | Vaults:2 | oh, xom took away relec too
 50427 | Vaults:2 | k, it is time to die, i'm too tired of surviving on the edge with xom doing only bad stuff
 50428 | Vaults:2 | XOM: summons 1 hostile shadow creature
 50428 | Vaults:2 | HP: 5/179 [tengu reaver/long sword[Sojobo] (8)]
 50429 | Vaults:2 | see? another hostile spawn
 50429 | Vaults:2 | FU xom
 50430 | Vaults:2 | Reached skill level 16 in Maces & Flails
 50430 | Vaults:2 | Mangled by a yaktaur captain
